 Dungeon Crawl Stone Soup version 0.17.1-2-g5865329 (webtiles) character file.

397 FortyThree the Twirler (level 6, -11/43 HPs)
             Began as a Demonspawn Wanderer on Feb 9, 2016.
             Was an Initiate of Okawaru.
             Mangled by a polar bear (22 damage)
             ... created by the rage of Trog
             ... on level 4 of the Dungeon.
             The game lasted 00:07:15 (3162 turns).

FortyThree the Twirler (Demonspawn Wanderer)        Turns: 3162, Time: 00:07:17

Health: -11/43     AC:  5    Str: 11    XL:     6   Next: 53%
Magic:  9/9        EV: 10    Int: 18    God:    Okawaru [......]
Gold:   118        SH:  0    Dex: 11    Spells: 1 memorised, 8 levels left

rFire  + . .     SeeInvis .     a - +2 quarterstaff
rCold  . . .     Clarity  .     r - +0 ring mail
rNeg   . . .     SustAt   .     (shield currently unavailable)
rPois  .         Gourm    .     (no helmet)
rElec  .         Spirit   .     (no cloak)
rCorr  .         Warding  .     (no gloves)
rMut   .         Stasis   .     (no boots)
MR     .....                    (no amulet)
Stlth  ..........               (no ring)
                                l - ring of protection from fire

@: confused, very slightly contaminated, hasted, very quick, not resistant to
hostile enchantments, extremely unstealthy
A: demonic guardian 1, spiny 2
a: Renounce Religion


You were on level 4 of the Dungeon.
You worshipped Okawaru.
Okawaru was noncommittal.
You were hungry.

You visited 1 branch of the dungeon, and saw 4 of its levels.

You collected 118 gold pieces.

Inventory:

Hand Weapons
 a - a +2 quarterstaff (weapon)
Armour
 d - a +0 robe
 r - a +0 ring mail (worn)
Jewellery
 l - a ring of protection from fire (left hand)
Wands
 p - a wand of polymorph (12)
 q - a wand of teleportation (8)
Scrolls
 c - 3 scrolls of teleportation
 g - 4 scrolls of identify
 h - 2 scrolls of noise
 m - 2 scrolls of recharging
 s - a scroll of remove curse
Potions
 k - a potion of resistance
 o - a potion of mutation {unknown}
 t - a potion of curing {unknown}
 u - a potion of brilliance {unknown}
 w - a potion of beneficial mutation {unknown}
 x - a potion of cancellation {unknown}
Books
 b - Iskenderun's Disquisition on Battle Magic

   Spells                             Type                      Level
   a - Sting                          Conjuration/Poison           1
   b - Throw Frost                    Conjuration/Ice              2
Comestibles
 i - 2 meat rations
 j - a slice of pizza
 v - 5 fruits


   Skills:
 - Level 1.0 Fighting
 + Level 6.4 Staves
 - Level 1.7 Dodging
 - Level 1.0 Stealth
 - Level 2.0 Spellcasting
   Level 1.0 Fire Magic
 - Level 1.0 Evocations


You had 8 spell levels left.
You knew the following spells:

 Your Spells              Type           Power        Failure   Level  Hunger
a - Sting                 Conj/Pois      #...         43%         1    #......


Dungeon Overview and Level Annotations

Branches:
Dungeon (4/15)
 Temple: D:4-7

Altars:
Okawaru
Trog
Yredelemnul
The Shining One


Innate Abilities, Weirdness & Mutations

A weak demonic guardian rushes to your aid.
You are mostly covered in sharp spines.


Message History

The black bear barely misses you.
Your white imp closely misses the polar bear.
You are very lightly contaminated with residual magic.
Drink which item? (? for menu, Esc to quit)
Okay, then.
You're too confused!
Drink which item? (? for menu, Esc to quit)
It was a potion of heal wounds.
You feel much better.
The polar bear is struck by your spines.
The polar bear bites you!!
The polar bear claws you but does no damage.
The polar bear claws you.
The black bear is struck by your spines.
The black bear bites you. The black bear completely misses you.
The black bear claws you.
* * * LOW HITPOINT WARNING * * *
The polar bear is struck by your spines.
The polar bear bites you!!
Ouch! That really hurt!
You die...

#.....# #.....
#......#....
+......#...#
#......#...#
#......+...#
#......#hh.#
#.[....#@hh# #...
#......#hh.##..
###+##...
#......'.5......
....#...
#......#........
...+...
###....########.
#..#...
#....#...####+###..#...
#....#.............#...
#....#.............'(..
#....'.............#...


You could see 3 polar bears, 3 black bears and a friendly white imp.

Vanquished Creatures
  Sigmund (D:3)
  A wyvern skeleton (D:4)
  A giant frog skeleton (D:4)
  2 worker ants
  2 gnolls (D:3)
  3 adders
  2 worms
  4 orcs (D:3)
  9 bats
  8 giant cockroaches
  9 goblins
  8 hobgoblins
  3 ball pythons
  2 giant geckos
  2 giant newts (D:3)
  6 jackals
  9 kobolds
  2 quokkas
  3 rats
77 creatures vanquished.

Notes
Turn   | Place    | Note
--------------------------------------------------------------
     0 | D:1      | FortyThree the Demonspawn Wanderer began the quest for the Orb.
     0 | D:1      | FortyThree set off with: a +2 quarterstaff, Iskenderun's Disquisition on Battle Magic, a scroll of teleportation, a +0 robe, a bread ration
     0 | D:1      | Reached XP level 1. HP: 15/15 MP: 3/3
   486 | D:1      | Gained mutation: You are partially covered in sharp spines. [demonic ancestry]
   486 | D:1      | Reached XP level 2. HP: 21/21 MP: 5/5
   654 | D:2      | Noticed Sigmund
   657 | D:2      | Found a glowing golden altar of the Shining One.
   764 | D:2      | Identified Iskenderun's Disquisition on Battle Magic
   766 | D:2      | Learned a level 1 spell: Sting
  1022 | D:2      | Reached skill level 3 in Staves
  1038 | D:2      | Gained mutation: You are mostly covered in sharp spines. [demonic ancestry]
  1038 | D:2      | Reached XP level 3. HP: 24/26 MP: 6/6
  1498 | D:3      | Found a faded altar to an unknown god.
  1532 | D:3      | Became a worshipper of Trog the Wrathful
  1532 | D:3      | Reached * piety under Trog
  1540 | D:3      | Killed Sigmund
  1540 | D:3      | Reached skill level 5 in Staves
  1540 | D:3      | Reached XP level 4. HP: 16/32 MP: 7/7
  1540 | D:3      | Gained mutation: A weak demonic guardian rushes to your aid. [demonic ancestry]
  1540 | D:3      | Reached XP level 5. HP: 18/37 MP: 8/8
  1725 | D:3      | Found an iron altar of Okawaru.
  1739 | D:3      | Fell from the grace of Trog
  1739 | D:3      | Became a worshipper of Warmaster Okawaru
  2115 | D:3      | Reached XP level 6. HP: 43/43 MP: 9/9
  2713 | D:3      | Noticed a polar bear
  2713 | D:3      | Noticed a polar bear
  2824 | D:4      | Reached skill level 6 in Staves
  2988 | D:4      | Found a basalt altar of Yredelemnul.
  3160 | D:4      | Noticed a polar bear
  3160 | D:4      | Noticed a polar bear
  3160 | D:4      | Noticed a polar bear
  3162 | D:4      | Mangled by a polar bear

Action                   |  1- 3 |  4- 6 || total
-------------------------+-------+-------++-------
Melee: Quarterstaff      |    44 |    61 ||   105
  Use: Scroll            |       |     7 ||     7
       Potion            |       |     3 ||     3
 Stab: Sleeping          |     1 |       ||     1
       Distracted        |       |     1 ||     1
  Eat: Chunk             |     2 |       ||     2
       Bread ration      |       |     1 ||     1
